[Event "Early Titled Tuesday Blitz | February 8 2022"]
[White "Lopez Gracia, Fernando"]
[Black "Khamdamova, Afruza"]
[WhiteFideId "2207184"]
[BlackFideId "14210444"]
[WhiteElo "2417"]
[BlackElo "1660"]
[Result "1-0"]
[Round "10"]
[TimeControl "180+1"]
[Date "2022.02.08"]
[WhiteClock "0:01:21"]
[BlackClock "0:00:24"]

1. c4 Nf6 2. Nc3 e6 3. e4 d5 4. cxd5 exd5 5. e5 Ne4 6. Nf3 Bc5 7. d4 Bb4 8. Bd2 Nc6 9. Bb5 Nxd2 10. Qxd2 O-O 11. O-O Bg4 12. Ne1 a6 13. Bxc6 bxc6 14. Nd3 Be7 15. h3 Bf5 16. g4 Bxd3 17. Qxd3 Rb8 18. b3 a5 19. Rac1 f6 20. f4 fxe5 21. fxe5 Bg5 22. Rce1 Bh4 23. Re3 Rxf1+ 24. Qxf1 Qg5 25. Qe2 Rf8 26. Rf3 Qc1+ 27. Kg2 Rxf3 28. Qxf3 Qd2+ 29. Ne2 Qxa2 30. e6 h6 31. Qe3 Be7 32. Kf3 Qc2 33. Nf4 Kh7 34. Qd3+ Qxd3+ 35. Nxd3 Kg6 36. Ne5+ Kf6 37. Nxc6 Kxe6 38. Nxa5 Bb4 39. Nc6 Bc3 40. Ke3 Kd6 41. Ne5 c5 42. Nf3 g5 43. Kd3 Bb2 44. dxc5+ Kxc5 45. Nd4 Bxd4 46. b4+ Kxb4 47. Kxd4 Kb3 48. Kxd5 Kc3 49. Ke5 Kd3 50. Kf5 Ke3 51. Kg6 1-0


[Site "https://www.chess.com"]

[Event "Early Titled Tuesday Blitz | February 8 2022"]
[White "Manon-og, Ramon Jr."]
[Black "Papp, Petra"]
[WhiteFideId "5200776"]
[BlackFideId "739049"]
[WhiteElo "2337"]
[BlackElo "2259"]
[Result "0-1"]
[Round "10"]
[TimeControl "180+1"]
[Date "2022.02.08"]
[WhiteClock "0:00:02"]
[BlackClock "0:00:35"]

1. e4 d6 2. d4 Nf6 3. Nc3 e5 4. dxe5 dxe5 5. Qxd8+ Kxd8 6. Bg5 c6 7. Nf3 Bd6 8. O-O-O Kc7 9. Bc4 Ng4 10. Rd2 f6 11. Bh4 g5 12. Bg3 h5 13. h3 Nh6 14. a3 Nd7 15. Rhd1 Bc5 16. Be6 Rh7 17. Na4 Bf8 18. b4 g4 19. Nh4 Nb6 20. Nxb6 axb6 21. Bxc8 Rxc8 22. Ng6 Ng8 23. Bh4 Rg7 24. Nxf8 Rxf8 25. hxg4 Rxg4 26. g3 Rf7 27. Rd8 b5 28. Re8 Nh6 29. Rdd8 Rxe4 30. g4 Rxg4 31. Bg3 Nf5 32. Rc8+ Kb6 33. f3 Rxg3 34. Kb2 Nd4 35. c3 Rg2+ 36. Kb1 Nxf3 0-1


[Site "https://www.chess.com"]

[Event "Early Titled Tuesday Blitz | February 8 2022"]
[White "Manukyan, Artyom"]
[Black "Brodowski, Piotr"]
[WhiteFideId "13305786"]
[BlackFideId "1124480"]
[WhiteElo "2034"]
[BlackElo "2422"]
[Result "1/2-1/2"]
[Round "10"]
[TimeControl "180+1"]
[Date "2022.02.08"]
[WhiteClock "0:00:21"]
[BlackClock "0:00:12"]

1. e4 c5 2. Nc3 g6 3. d4 Bg7 4. dxc5 Qa5 5. Bd2 Qxc5 6. Nd5 Na6 7. Nf3 Bxb2 8. Rb1 Bg7 9. Bxa6 bxa6 10. O-O d6 11. Bb4 Qc4 12. Ba5 Kf8 13. Nc7 Qc5 14. Qd2 Qc6 15. Nxa8 Qxa8 16. Qb4 Nf6 17. Qb8 Qc6 18. Qxa7 Nd7 19. Nd4 Qc4 20. Rfd1 Bf6 21. Qc7 Qxc7 22. Bxc7 Kg7 23. Nc6 Nc5 24. f3 Bd7 25. Nb4 Rc8 26. Nd5 Ba4 27. Rd2 Bg5 28. f4 Nxe4 29. Rd4 Bc6 30. fxg5 Bxd5 31. Rxd5 Rxc7 32. Re1 Nc5 33. h4 Kf8 34. Re2 Nd7 35. Ra5 Rc6 36. Kh2 Ne5 37. Ra4 Ke8 38. Kg3 Kd7 39. Kh2 Nc4 40. Rb4 Rc7 41. Re4 d5 42. Rf4 Ke6 43. Rb8 Ne5 44. Rf2 Ng4+ 45. Kg3 Nxf2 46. Kxf2 Rxc2+ 47. Kg3 Rxa2 48. Rh8 Ra3+ 49. Kh2 Ra4 50. Rxh7 Re4 51. g3 a5 52. Rh8 a4 53. Ra8 Kf5 54. Kh3 Ke6 55. Ra6+ Kd7 56. Ra5 e6 57. g4 Ke8 58. h5 Kf8 59. Kh4 Kg8 60. Ra8+ Kg7 61. Ra7 Rf4 62. Kg3 Rf1 63. Rxa4 Rh1 64. h6+ Kh7 65. Ra7 Rf1 66. Kg2 Rf4 67. Kg3 e5 68. Re7 Rf1 69. Rxe5 f6 70. Re7+ Kg8 71. h7+ Kh8 72. gxf6 Rxf6 73. g5 Rf5 74. Kg4 d4 75. Rd7 Rb5 76. Rxd4 Kxh7 77. Rd7+ Kg8 78. Kf4 Rb4+ 79. Ke5 Rb6 80. Rd6 Rb7 81. Kf6 Rb8 82. Kxg6 Ra8 83. Rd7 Rb8 84. Kh6 Ra8 85. Rg7+ Kf8 86. Rb7 Kg8 87. Rg7+ Kh8 88. Rb7 Rc8 89. Kg6 Kg8 90. Kf6 Rc6+ 91. Kf5 Ra6 92. Kg4 Rc6 93. Kh5 Ra6 94. Rc7 Rb6 95. Re7 Ra6 96. Kg4 Rb6 97. Kf5 Ra6 98. Re6 Rxe6 99. Kxe6 Kg7 100. Kf5 Kf7 101. g6+ Kg7 102. Kg5 Kg8 103. Kf6 Kf8 104. Ke5 Kg8 105. Kf5 Kg7 106. Kg5 Kg8 107. Kh6 Kh8 108. Kh5 Kg7 109. Kg5 1/2-1/2


[Site "https://www.chess.com"]

[Event "Early Titled Tuesday Blitz | February 8 2022"]
[White "Marcziter, Dmitrii"]
[Black "Fawole, John Oyeyemi"]
[WhiteFideId "13900765"]
[BlackFideId "8501319"]
[WhiteElo "2155"]
[BlackElo "2091"]
[Result "1-0"]
[Round "10"]
[TimeControl "180+1"]
[Date "2022.02.08"]
[WhiteClock "0:01:14"]
[BlackClock "0:00:01"]

1. d4 Nf6 2. c4 e6 3. Nf3 b6 4. a3 Bb7 5. Nc3 Be7 6. d5 d6 7. dxe6 fxe6 8. Ng5 Qd7 9. Qc2 O-O 10. Bd2 h6 11. h4 Nc6 12. e3 Ne5 13. f3 d5 14. cxd5 exd5 15. O-O-O d4 16. exd4 Qxd4 17. Ne6 Qf2 18. Nxf8 Rxf8 19. Bf4 Qxc2+ 20. Kxc2 Ng6 21. Bxc7 Rc8 22. Bg3 Nh5 23. Bf2 Nhf4 24. Rg1 Ne5 25. g3 Nd5 26. Be2 Nxc3 27. bxc3 Bxa3 28. f4 Nf3 29. Bxf3 Bxf3 30. Rd7 a5 31. Bd4 Be4+ 32. Kb3 Bf8 33. Re1 a4+ 34. Ka2 Bf5 35. Ra7 Bc2 36. f5 Bb3+ 37. Kb2 b5 38. f6 1-0


[Site "https://www.chess.com"]

[Event "Early Titled Tuesday Blitz | February 8 2022"]
[White "Martin Duque, Jesus"]
[Black "Gabrielian, Artur"]
[WhiteFideId "2208954"]
[BlackFideId "4131002"]
[WhiteElo "2243"]
[BlackElo "2440"]
[Result "0-1"]
[Round "10"]
[TimeControl "180+1"]
[Date "2022.02.08"]
[WhiteClock "0:00:26"]
[BlackClock "0:00:34"]

1. Nf3 Nf6 2. b3 g6 3. Bb2 Bg7 4. g3 O-O 5. Bg2 d6 6. d4 b5 7. Qd3 a6 8. O-O Bb7 9. Nbd2 c5 10. c4 bxc4 11. Nxc4 cxd4 12. Nxd4 Bxg2 13. Kxg2 Nbd7 14. Nc6 Qe8 15. Bxf6 Bxf6 16. Rac1 Nc5 17. Qf3 Rc8 18. N4a5 Qd7 19. Rfd1 Ne6 20. h4 h5 21. b4 Rc7 22. e4 Nd4 23. Nxd4 Rxc1 24. Rxc1 Bxd4 25. Qd3 e5 26. Qxa6 f5 27. Qc6 Qf7 28. exf5 Qxf5 29. Qd5+ Kh8 30. f3 g5 31. hxg5 Qxg5 32. Rc7 h4 33. g4 Qd2+ 34. Kh3 Qf2 0-1


[Site "https://www.chess.com"]

[Event "Early Titled Tuesday Blitz | February 8 2022"]
[White "Martinez Lopez, David"]
[Black "Janaszak, Dawid"]
[WhiteFideId "22235779"]
[BlackFideId "1119206"]
[WhiteElo "2386"]
[BlackElo "2199"]
[Result "0-1"]
[Round "10"]
[TimeControl "180+1"]
[Date "2022.02.08"]
[WhiteClock "0:00:03"]
[BlackClock "0:01:20"]

1. e4 e5 2. Nf3 Nc6 3. d4 exd4 4. Nxd4 Qf6 5. Be3 Qg6 6. Nd2 Nf6 7. Qf3 Bb4 8. c3 Ba5 9. Nxc6 bxc6 10. Bd3 d5 11. h3 O-O 12. e5 Qxd3 13. exf6 Ba6 14. fxg7 Rfe8 15. O-O-O Bxc3 16. Nb3 Qc4 17. bxc3 Qxc3+ 18. Kb1 Rab8 19. Bd4 Qc4 20. Rhe1 Re4 21. Qc3 Qa4 22. f3 Bc4 23. fxe4 Bxb3 24. axb3 c5 25. Kc2 cxd4 26. bxa4 dxc3 27. Kxc3 dxe4 28. Rb1 Re8 29. Kc4 f5 30. Kc5 Kxg7 31. Kc6 f4 32. Rb7 Kf6 33. Rxc7 Re6+ 34. Kb7 Kf5 35. Rc6 Re7+ 36. Ka6 Re5 37. Rc5 Rxc5 0-1


[Site "https://www.chess.com"]

[Event "Early Titled Tuesday Blitz | February 8 2022"]
[White "Martinovici, Ilia"]
[Black "Moroni, Luca Jr"]
[WhiteFideId "13907034"]
[BlackFideId "865834"]
[WhiteElo "2303"]
[BlackElo "2573"]
[Result "1-0"]
[Round "10"]
[TimeControl "180+1"]
[Date "2022.02.08"]
[WhiteClock "0:00:14"]
[BlackClock "0:00:04"]

1. d4 g6 2. c4 Bg7 3. e4 d6 4. Nc3 c5 5. d5 Bxc3+ 6. bxc3 e5 7. h4 h5 8. Bg5 f6 9. Be3 Qe7 10. Qd2 f5 11. Bg5 Qg7 12. exf5 gxf5 13. O-O-O Nf6 14. Bd3 e4 15. Bc2 Nbd7 16. Ba4 a6 17. Ne2 b5 18. cxb5 axb5 19. Bxb5 Kf7 20. Nf4 Ne5 21. Ne6 Bxe6 22. dxe6+ Kg6 23. Qxd6 Nfg4 24. e7+ Kh7 25. Qe6 Nxf2 26. Qxf5+ Ng6 27. Bf6 Qh6+ 28. Bg5 Qg7 29. Qxf2 Qxc3+ 30. Qc2 Qa1+ 31. Kd2 Qd4+ 32. Ke2 Qb4 33. Qc4 Qb2+ 34. Rd2 Qg7 35. Rf1 Rhe8 36. Rf7 Ne5 37. Rxg7+ Kxg7 38. Qe6 Ng6 39. Qf6+ Kh7 40. Qf7+ Kh8 41. Bf6# 1-0


[Site "https://www.chess.com"]

[Event "Early Titled Tuesday Blitz | February 8 2022"]
[White "Maurizzi, Marc`Andria"]
[Black "Yoo, Christopher Woojin"]
[WhiteFideId "36083534"]
[BlackFideId "30909694"]
[WhiteElo "2186"]
[BlackElo "2105"]
[Result "0-1"]
[Round "10"]
[TimeControl "180+1"]
[Date "2022.02.08"]
[WhiteClock "0:00:06"]
[BlackClock "0:00:06"]

1. d4 Nf6 2. c4 e6 3. Nc3 Bb4 4. Nf3 O-O 5. Bg5 d5 6. e3 h6 7. Bh4 Be7 8. Rc1 Nbd7 9. cxd5 exd5 10. Bd3 b6 11. O-O Bb7 12. Qe2 c5 13. Rfd1 c4 14. Bf5 a6 15. Ne5 b5 16. Qf3 Nb6 17. a3 Ne8 18. Bg3 Nd6 19. Bb1 a5 20. Nxb5 Ne4 21. Nc3 f5 22. Bxe4 fxe4 23. Qg4 Bc8 24. Qe2 Qe8 25. h3 Be6 26. f3 exf3 27. Nxf3 Bf5 28. Bc7 Bd3 29. Rxd3 cxd3 30. Qxd3 Bd8 31. Bxb6 Bxb6 32. Nxd5 Bd8 33. e4 Rb8 34. b4 axb4 35. axb4 Qe6 36. b5 Qd7 37. Rc6 Qb7 38. Nc3 Ba5 39. Qc4+ Kh8 40. Ne5 Rfc8 41. Nf7+ Kh7 42. Nd6 Rxc6 43. bxc6 Qb4 44. Qxb4 Rxb4 45. d5 Rd4 46. Ndb5 Rc4 47. Kf2 Bxc3 48. Nd6 Rc5 49. Nb7 Bd4+ 50. Ke2 Rc3 51. Kd2 Be5 52. Nd8 Kg6 53. Ne6 Kf6 54. c7 Rxc7 55. Nxc7 Bxc7 56. Ke3 Ke5 57. Kd3 Bb6 58. Kc4 Kxe4 59. Kc3 Kxd5 0-1


[Site "https://www.chess.com"]

[Event "Early Titled Tuesday Blitz | February 8 2022"]
[White "Mejia, Cherry Ann"]
[Black "Blokhin, Sofia"]
[WhiteFideId "5206880"]
[BlackFideId "4508190"]
[WhiteElo "2007"]
[BlackElo "1762"]
[Result "1-0"]
[Round "10"]
[TimeControl "180+1"]
[Date "2022.02.08"]
[WhiteClock "0:02:10"]
[BlackClock "0:00:20"]

1. e4 c5 2. Nc3 e6 3. g3 g6 4. Bg2 Bg7 5. d3 Nc6 6. Be3 b6 7. Qd2 Nge7 8. Bh6 O-O 9. h4 f6 10. Bxg7 Kxg7 11. h5 g5 12. h6+ Kh8 13. f4 Rg8 14. e5 Nf5 15. g4 Nfd4 16. Ne4 fxe5 17. fxg5 Rg6 18. c3 Nb5 19. Nf3 d5 20. Nf6 Rxf6 21. gxf6 Qxf6 22. Qg5 Qxg5 23. Nxg5 Kg8 24. Rf1 Nd6 25. O-O-O a5 26. Rf6 Bd7 27. Rdf1 Re8 28. Nf7 Nb5 29. a4 Nc7 30. Nd6 Rd8 31. Rf7 b5 32. Rg7+ Kh8 33. Nf7# 1-0


[Site "https://www.chess.com"]

[Event "Early Titled Tuesday Blitz | February 8 2022"]
[White "Mirzanurov, Bulat"]
[Black "Shtyka, Sergey"]
[WhiteFideId "4184521"]
[BlackFideId "4138465"]
[WhiteElo "2116"]
[BlackElo "2014"]
[Result "0-1"]
[Round "10"]
[TimeControl "180+1"]
[Date "2022.02.08"]
[WhiteClock "0:00:03"]
[BlackClock "0:00:13"]

1. e4 c5 2. Nf3 d6 3. d4 cxd4 4. Nxd4 Nf6 5. Nc3 g6 6. Be3 Bg7 7. Qd2 O-O 8. f3 Nc6 9. O-O-O d5 10. exd5 Nxd5 11. Nxc6 bxc6 12. Bd4 e5 13. Bc5 Be6 14. Ne4 Re8 15. h4 h6 16. h5 g5 17. g4 Qc7 18. Bc4 Rad8 19. Qf2 a5 20. a4 Nf4 21. Bxe6 Nxe6 22. Rxd8 Qxd8 23. Rd1 Qb8 24. Bd6 Qb7 25. b3 Nf4 26. Kb1 Nd5 27. Qc5 Ra8 28. Qf2 Rd8 29. Bc5 Qc8 30. Rd3 f5 31. gxf5 Qxf5 32. c4 Rd7 33. cxd5 cxd5 34. Qd2 Qe6 35. Nc3 e4 36. fxe4 d4 37. Bxd4 Qxb3+ 38. Kc1 Qc4 39. Bxg7 Rxd3 40. Qb2 Kxg7 41. Qb7+ Kf6 42. Qb6+ Ke5 43. Qb8+ Kd4 44. Qh8+ Ke3 0-1


[Site "https://www.chess.com"]

[Event "Early Titled Tuesday Blitz | February 8 2022"]
[White "Mirzoev, Azer"]
[Black "Bortnyk, Olexandr"]
[WhiteFideId "13400304"]
[BlackFideId "14120828"]
[WhiteElo "2525"]
[BlackElo "2723"]
[Result "0-1"]
[Round "10"]
[TimeControl "180+1"]
[Date "2022.02.08"]
[WhiteClock "0:00:02"]
[BlackClock "0:01:06"]

1. d4 e6 2. Bf4 g5 3. Bg3 h5 4. h4 g4 5. Nd2 Bg7 6. c3 d6 7. e4 Ne7 8. Bd3 Ng6 9. Ne2 Nc6 10. Qb3 e5 11. Bb5 O-O 12. Qa4 Bd7 13. d5 a6 14. Bxc6 bxc6 15. dxc6 Be8 16. Nb3 Bh6 17. Na5 Rb8 18. b4 f5 19. exf5 Rxf5 20. Qc2 Qf6 21. Rd1 Nf4 22. Bxf4 exf4 23. Nd4 Re5+ 24. Kf1 Bg6 25. Qb3+ Bf7 26. Qc2 Rbe8 27. f3 g3 28. Qd2 Bg7 29. Qd3 Re3 30. Qd2 Qe5 31. a4 Qd5 0-1


[Site "https://www.chess.com"]

[Event "Early Titled Tuesday Blitz | February 8 2022"]
[White "Mohammad Fahad, Rahman"]
[Black "Berdychevskaya, Natasha"]
[WhiteFideId "10207791"]
[BlackFideId "4159322"]
[WhiteElo "2323"]
[BlackElo "1780"]
[Result "1-0"]
[Round "10"]
[TimeControl "180+1"]
[Date "2022.02.08"]
[WhiteClock "0:00:04"]
[BlackClock "0:00:01"]

1. d4 d5 2. Nf3 Nf6 3. g3 c6 4. Bg2 Bf5 5. O-O e6 6. Bf4 Be7 7. Nbd2 O-O 8. c4 Ne4 9. Ne5 Nxd2 10. Qxd2 Nd7 11. b3 a5 12. f3 Nxe5 13. Bxe5 Bg6 14. e4 dxe4 15. fxe4 f6 16. Bf4 e5 17. dxe5 Qxd2 18. Bxd2 fxe5 19. Be3 a4 20. Rfb1 Bb4 21. a3 Bc3 22. Ra2 Rfd8 23. bxa4 Rxa4 24. h4 Rxc4 25. Rxb7 Bd4 26. Bxd4 exd4 27. Rd2 d3 28. Rb3 Bxe4 29. Bxe4 Rxe4 30. Rbxd3 Rxd3 31. Rxd3 Re2 32. Kf1 Ra2 33. Ke1 Kf7 34. Kd1 Ke6 35. Kc1 c5 36. Kb1 Rf2 37. a4 c4 38. Ra3 Kd5 39. a5 Rf7 40. a6 Ra7 41. Kc2 Kc5 42. Kc3 Kb5 43. g4 g6 44. Ra1 Kc5 45. g5 Kb5 46. Ra2 Kc5 47. Ra5+ Kb6 48. Ra1 Kc5 49. Ra2 Kb5 50. Kd4 Rd7+ 51. Ke4 c3 52. a7 c2 53. a8=Q Re7+ 54. Kf3 c1=Q 55. Qb8+ Kc6 56. Qc8+ Rc7 57. Ra6+ Kd5 58. Qe6+ Kc5 59. Qe5+ Kb4 60. Qa5+ Kb3 61. Rb6+ Kc2 62. Qa4+ Kd2 63. Rd6+ Ke1 64. Qe4+ Kf1 65. Qe2+ Kg1 66. Qg2# 1-0


[Site "https://www.chess.com"]

[Event "Early Titled Tuesday Blitz | February 8 2022"]
[White "Mohammed, Dilshad"]
[Black "Cramling Bellon, Anna"]
[WhiteFideId "5050421"]
[BlackFideId "32009232"]
[WhiteElo "2153"]
[BlackElo "1905"]
[Result "0-1"]
[Round "10"]
[TimeControl "180+1"]
[Date "2022.02.08"]
[WhiteClock "0:00:11"]
[BlackClock "0:00:04"]

1. Nf3 c5 2. c4 Nc6 3. Nc3 e6 4. g3 g6 5. Bg2 Bg7 6. O-O d5 7. cxd5 exd5 8. e3 Nge7 9. d4 cxd4 10. Nxd4 O-O 11. Nb3 Be6 12. Nc5 Qb6 13. Nxe6 fxe6 14. Bh3 Ne5 15. Qb3 Nf3+ 16. Kg2 Qc6 17. Qb5 Qd6 18. Bg4 Ne5 19. Be2 Nf5 20. f4 Nc4 21. Bxc4 dxc4 22. Qxc4 Rac8 23. Qb3 Qd3 24. Qxe6+ Kh8 25. Qe4 Rxc3 26. Qxd3 Rxd3 27. Re1 Re8 28. e4 Nd4 29. e5 Nc2 30. Be3 Nxa1 31. Bxa7 Nc2 32. Rc1 Rd2+ 33. Kh3 Nd4 34. Kg4 Ne6 35. h4 h5+ 36. Kh3 Rxb2 37. a4 Rb3 38. Rc4 Rf8 39. Kh2 Rb2+ 40. Kh3 Rb1 41. a5 Ra1 42. Bb6 Rd8 43. Bxd8 Nxd8 44. Rc8 Rd1 45. e6 Bf6 46. Rc7 Re1 47. e7 Rxe7 48. Rc8 Re8 49. Rc7 Kg8 50. Rd7 Kf8 51. f5 Nf7 52. fxg6 Ne5 53. Rh7 Kg8 54. Rxh5 Nxg6 55. Rf5 Kg7 56. h5 Ne7 57. Rb5 Rb8 58. a6 b6 59. g4 Nc6 60. g5 Be7 61. Rd5 Kf7 62. Rf5+ Ke6 63. Rf3 Ne5 64. Re3 Kf5 65. g6 Bf6 66. Re1 Rh8 67. Rf1+ Ke6 68. a7 Rxh5+ 69. Kg3 Rh8 70. g7 Bxg7 71. Re1 Ra8 72. Ra1 Kd6 73. Ra6 Nc6 74. Kg4 Kc7 75. Ra4 Rxa7 76. Re4 Bf6 77. Kf5 Be7 78. Re6 Bd6 79. Rh6 Nd4+ 80. Ke4 Nc6 81. Kd5 Ne7+ 82. Ke6 Ra5 83. Rh1 Re5+ 84. Kf6 Re3 85. Rc1+ Nc6 86. Kf5 Bc5 87. Kf4 Re7 88. Kf5 Kd6 89. Rd1+ Nd4+ 90. Kf4 Kd5 91. Kg3 b5 92. Rh1 b4 93. Rh5+ Re5 94. Rh8 b3 95. Rb8 Kc4 96. Kf4 Re7 97. Kg5 Nb5 98. Kf6 Re2 99. Rh8 Re1 100. Rh4+ Kc3 101. Rh3+ Be3 102. Rh2 b2 103. Rh5 Nd4 104. Rc5+ Kd3 105. Rb5 b1=Q 106. Rxb1 Rxb1 107. Ke5 Rb5+ 108. Kd6 Ke4 109. Ke7 Rh5 110. Kf7 Ke5 111. Kg7 Ne6+ 112. Kf7 Kf5 113. Ke7 Rh7+ 114. Kd6 Bf4+ 115. Kd5 Rd7+ 116. Kc4 Ke4 117. Kb5 Rc7 118. Kb6 Rc1 119. Kb5 Kd3 120. Kb4 Kd2 121. Kb5 Kd3 122. Kb6 Kd4 123. Kb5 Bd6 124. Kb6 Be5 125. Kb5 Kd5 126. Kb6 Rb1+ 127. Ka5 Kc4 128. Ka6 Kc5 129. Ka7 Kc6 130. Ka8 Kc7 131. Ka7 Ra1# 0-1


[Site "https://www.chess.com"]

[Event "Early Titled Tuesday Blitz | February 8 2022"]
[White "Molina, Roberto Junio Brito"]
[Black "Lodici, Lorenzo"]
[WhiteFideId "2109450"]
[BlackFideId "884189"]
[WhiteElo "2402"]
[BlackElo "2265"]
[Result "0-1"]
[Round "10"]
[TimeControl "180+1"]
[Date "2022.02.08"]
[WhiteClock "0:00:07"]
[BlackClock "0:00:46"]

1. d4 Nf6 2. Nf3 b6 3. e3 Bb7 4. Bd3 g6 5. Qe2 d5 6. Nbd2 Bg7 7. c3 O-O 8. O-O c5 9. dxc5 bxc5 10. e4 e6 11. Re1 Nc6 12. Rb1 Qb6 13. b3 dxe4 14. Bxe4 Nd5 15. Bxd5 exd5 16. Bb2 h6 17. c4 d4 18. Ne4 Rfe8 19. Qd2 Nb4 20. Ng3 Nxa2 21. Bxd4 cxd4 22. Qxa2 d3 23. Rxe8+ Rxe8 24. b4 Bxf3 25. gxf3 Qd4 26. c5 d2 27. Ne4 d1=Q+ 28. Rxd1 Qxd1+ 29. Kg2 Qd4 30. b5 Qb4 31. Qa6 Rxe4 32. fxe4 Qxe4+ 33. Kg1 Bd4 34. c6 Qe1+ 35. Kg2 Qxf2+ 36. Kh3 Qf3+ 0-1


[Site "https://www.chess.com"]

[Event "Early Titled Tuesday Blitz | February 8 2022"]
[White "Moskvin, Anatoly"]
[Black "Gabdrakhmanov, Azat"]
[WhiteFideId "24199990"]
[BlackFideId "34189197"]
[WhiteElo "2079"]
[BlackElo "2279"]
[Result "0-1"]
[Round "10"]
[TimeControl "180+1"]
[Date "2022.02.08"]
[WhiteClock "0:00:07"]
[BlackClock "0:01:36"]

1. e4 c5 2. Nf3 e6 3. b4 d6 4. bxc5 dxc5 5. Nc3 Nf6 6. Bb5+ Bd7 7. a4 a6 8. Bxd7+ Qxd7 9. O-O Nc6 10. d3 Be7 11. Bf4 O-O 12. Ne5 Nxe5 13. Bxe5 Qc6 14. a5 Nd7 15. Bg3 b5 16. axb6 Nxb6 17. Ra2 Bf6 18. e5 Be7 19. Qa1 Nd5 20. Nxd5 exd5 21. c4 dxc4 22. dxc4 Rfd8 23. h3 h5 24. Qc3 Qe4 25. Re1 Qd4 26. Qxd4 Rxd4 27. Ra4 h4 28. Bh2 Bg5 29. Kf1 a5 30. Rea1 Bd2 31. Ke2 Bb4 32. Rc1 Rd2+ 33. Kf1 Rad8 34. Bf4 Rd1+ 35. Ke2 Rxc1 36. Bxc1 Rd4 37. Bg5 Rxc4 38. Be3 Re4 39. Kd3 Rxe5 40. Kc4 Re4+ 41. Kb5 c4 42. Ra1 c3 43. Rc1 Re8 44. Bd4 Rc8 45. Ka4 f6 46. Kb3 Kf7 47. Bxc3 Bxc3 48. Rxc3 Rxc3+ 49. Kxc3 Ke6 50. Kb3 Ke5 51. Ka4 Ke4 52. Kxa5 Kd3 53. g3 Ke2 54. gxh4 Kxf2 55. Kb4 Kg3 56. Kc4 f5 57. h5 f4 58. Kd5 f3 59. Ke6 f2 60. Kf7 f1=Q+ 61. Kxg7 Qa1+ 62. Kg6 Qh8 0-1


[Site "https://www.chess.com"]

[Event "Early Titled Tuesday Blitz | February 8 2022"]
[White "Narayanan.S.L"]
[Black "Kopylov, Alexander A."]
[WhiteFideId "5058422"]
[BlackFideId "4164857"]
[WhiteElo "2494"]
[BlackElo "2436"]
[Result "1-0"]
[Round "10"]
[TimeControl "180+1"]
[Date "2022.02.08"]
[WhiteClock "0:00:12"]
[BlackClock "0:00:16"]

1. e4 c6 2. e5 d6 3. exd6 exd6 4. d4 d5 5. Bd3 Nf6 6. Nf3 Bd6 7. O-O O-O 8. h3 h6 9. c4 dxc4 10. Bxc4 Nbd7 11. Nc3 Nb6 12. Bb3 Nbd5 13. Re1 Be6 14. Ne5 c5 15. Nxd5 Bxd5 16. Be3 cxd4 17. Bxd4 Re8 18. Bxd5 Nxd5 19. Qb3 Bxe5 20. Bxe5 Qa5 21. Qg3 f6 22. Bc3 Nxc3 23. bxc3 Rac8 24. Rxe8+ Rxe8 25. Rd1 Qa4 26. Rd4 Qc6 27. Kh2 Rc8 28. c4 Qc7 29. f4 Rd8 30. Re4 Kh7 31. h4 Qc5 32. Qh3 h5 33. Qe6 Rd1 34. Re3 Rd4 35. Re4 Rd1 36. Re3 Rd4 37. Rf3 Rxc4 38. Qf7 Rd4 39. Rg3 1-0


[Site "https://www.chess.com"]

[Event "Early Titled Tuesday Blitz | February 8 2022"]
[White "Navara, David"]
[Black "Martinez Alcantara, Jose Eduardo"]
[WhiteFideId "309095"]
[BlackFideId "3805662"]
[WhiteElo "2686"]
[BlackElo "2690"]
[Result "1/2-1/2"]
[Round "10"]
[TimeControl "180+1"]
[Date "2022.02.08"]
[WhiteClock "0:00:06"]
[BlackClock "0:00:06"]

1. e4 c5 2. Nf3 d6 3. Bb5+ Nd7 4. d4 cxd4 5. Nxd4 Nf6 6. O-O a6 7. Bd3 e6 8. c4 b6 9. Nc3 Bb7 10. f4 Nc5 11. Bc2 Be7 12. Qe2 Rc8 13. b4 Ncd7 14. e5 dxe5 15. fxe5 Nxe5 16. Qxe5 Rxc4 17. Ba4+ Kf8 18. Nce2 Bd6 19. Qg5 h6 20. Qd2 Qe7 21. Bb3 Rc8 22. Bb2 Bxb4 23. Qd3 Bc5 24. Kh1 Kg8 25. Nxe6 Be4 26. Bxf6 Bxd3 27. Bxe7 Bxe7 28. Rf2 fxe6 29. Bxe6+ Kh7 30. Nf4 Be4 31. Bxc8 Rxc8 32. Re2 Bf6 33. Rd1 Bf5 34. Nd5 Bd8 35. h3 Bg6 36. g4 Bf7 37. Kg2 b5 38. Ne3 Bg5 39. Nf5 Rc3 40. Rd7 Kg8 41. h4 Bf6 42. Ra7 Bd5+ 43. Kf2 Rc4 44. g5 Rf4+ 45. Kg3 hxg5 46. hxg5 Rxf5 47. gxf6 Rxf6 48. Re8+ Kh7 49. Ree7 Rg6+ 50. Kf4 Bxa2 51. Re2 Rf6+ 52. Kg5 Rg6+ 53. Kf4 Bd5 54. Re5 Bc4 55. Rh5+ Kg8 56. Rg5 Rf6+ 57. Rf5 Re6 58. Rg5 Rf6+ 59. Rf5 Rxf5+ 60. Kxf5 Kh7 61. Rxa6 Bd3+ 62. Kg5 Bc4 63. Rb6 Kg8 64. Rb7 Kf8 65. Kg6 Bd3+ 66. Kg5 Bc4 67. Kg6 Bd3+ 68. Kg5 g6 69. Kf6 Ke8 70. Ke6 Bc4+ 71. Kf6 Kd8 72. Kxg6 Kc8 73. Rxb5 Bxb5 1/2-1/2


[Site "https://www.chess.com"]

[Event "Early Titled Tuesday Blitz | February 8 2022"]
[White "Nesterov, Arseniy"]
[Black "Alekseev, Evgeny"]
[WhiteFideId "24198455"]
[BlackFideId "4138147"]
[WhiteElo "2489"]
[BlackElo "2589"]
[Result "0-1"]
[Round "10"]
[TimeControl "180+1"]
[Date "2022.02.08"]
[WhiteClock "0:00:03"]
[BlackClock "0:00:18"]

1. d4 Nf6 2. c4 e6 3. Nf3 d5 4. Nc3 Nbd7 5. Bg5 Bb4 6. e3 c5 7. cxd5 exd5 8. Be2 c4 9. O-O Qa5 10. Nd2 Bxc3 11. bxc3 Qxc3 12. e4 Nxe4 13. Nxe4 dxe4 14. Rc1 Qa5 15. Bd2 Qb6 16. Bxc4 O-O 17. Bc3 Qg6 18. d5 Nb6 19. Be5 Rd8 20. Kh1 Be6 21. Bc7 Rxd5 22. Bxd5 Nxd5 23. Bg3 h5 24. h3 b6 25. Kh2 Rd8 26. Qd4 Rd7 27. Qe5 Qf5 28. Qxf5 Bxf5 29. Rfd1 Be6 30. Rd4 f5 31. Be5 h4 32. Rc6 Kf7 33. f3 e3 34. Rc1 g5 35. f4 Nxf4 36. Rxf4 gxf4 37. Bxf4 e2 38. Re1 Bc4 39. Bg5 Rd1 40. Bxh4 Rxe1 41. Bxe1 Bxa2 42. Kg3 a5 43. Kf3 Bc4 44. Bc3 a4 45. Kf2 a3 46. Ke1 a2 47. Kd2 b5 48. h4 f4 49. Ke1 Kg6 50. Kf2 b4 51. Bb2 Kh5 52. Bf6 b3 53. Ke1 Kg4 54. Kf2 Bb5 55. Ke1 Kg3 56. h5 Kxg2 57. h6 Bd3 58. Bd4 f3 59. Kd2 Bg6 60. Ke1 b2 61. Bxb2 f2+ 0-1


[Site "https://www.chess.com"]

[Event "Early Titled Tuesday Blitz | February 8 2022"]
[White "Omariev, Maksim"]
[Black "Ovetchkin, Roman"]
[WhiteFideId "4193423"]
[BlackFideId "4119991"]
[WhiteElo "2533"]
[BlackElo "2409"]
[Result "0-1"]
[Round "10"]
[TimeControl "180+1"]
[Date "2022.02.08"]
[WhiteClock "0:00:12"]
[BlackClock "0:00:16"]

1. g4 e5 2. Bg2 h5 3. gxh5 Qh4 4. Nc3 Qxh5 5. Nf3 c6 6. d4 d6 7. Be3 Nf6 8. Qd2 Ng4 9. O-O-O Nxe3 10. Qxe3 f6 11. Rhg1 Qh6 12. Qxh6 Rxh6 13. d5 c5 14. Nb5 Na6 15. Nd2 Bd7 16. a4 Rxh2 17. Nc4 Bxb5 18. axb5 Nc7 19. b6 axb6 20. Nxb6 Ra6 21. Nc4 b5 22. Ne3 Rh4 23. Bf3 Kf7 24. Kd2 g6 25. Ra1 Rha4 26. Rxa4 Rxa4 27. Rh1 f5 28. b3 Ra2 29. Kc3 Bg7 30. Kd2 e4 31. Bg2 Na6 32. Rb1 Nb4 33. Kd1 Bd4 34. c4 Bxe3 35. fxe3 bxc4 36. bxc4 Kf6 37. Ke1 Ra3 38. Kf2 Rc3 39. Ra1 Rxc4 40. Ra6 Ke5 41. Ra7 Nxd5 42. Rg7 Kf6 43. Rd7 Ke6 44. Rg7 Ne7 45. Bf1 Kf6 46. Rh7 Rb4 0-1


[Site "https://www.chess.com"]

[Event "Early Titled Tuesday Blitz | February 8 2022"]
[White "Osmonbekov, Talaibek"]
[Black "Derraugh, Geordie"]
[WhiteFideId "2017253"]
[BlackFideId "2603950"]
[WhiteElo "2135"]
[BlackElo "2116"]
[Result "1-0"]
[Round "10"]
[TimeControl "180+1"]
[Date "2022.02.08"]
[WhiteClock "0:00:36"]
[BlackClock "0:00:04"]

1. d4 Nf6 2. Nc3 d5 3. Bf4 g6 4. e3 Bg7 5. h4 O-O 6. h5 Nxh5 7. Rxh5 gxh5 8. Qxh5 e6 9. Bd3 f5 10. Nf3 Qe8 11. Qh2 Na6 12. O-O-O c5 13. Rh1 Qg6 14. Ne5 Bxe5 15. Bxe5 c4 16. Be2 Bd7 17. Bh5 Qg5 18. Bf3 Rf7 19. Nxd5 exd5 20. Bxd5 Qg6 21. Bxc4 Rc8 22. Bxf7+ Qxf7 23. Qg3+ Qg6 24. Qf4 Qxg2 25. Qh6 Qg6 26. Qh2 f4 27. c3 Bg4 28. Rg1 Nb4 29. f3 Nxa2+ 30. Kd2 fxe3+ 31. Kxe3 h5 32. fxg4 hxg4 33. Qh8+ Kf7 34. Rf1+ Ke7 35. Qxc8 1-0


[Site "https://www.chess.com"]